Map: [EWC] Oceanborn

Players

herO - Winner!

  • Race: Protoss Protoss
  • Spawn Location: 11:00

Cure

  • Race: Terran Terran
  • Spawn Location: 5:00

Event: Esports World Cup 2024

VOD

Have the link to the VOD?

Description

Time

  • Played on: Aug. 16, 2024, 6:42 a.m.
  • Length: 13:52

All games in this series

Show
View Real Time Build Order
Export as new Build Order

herO Protoss - Winner!

Build Orders: 1 Gate Expand, Blink Stalkers 

Get SALT Encoding   

  12  0:00  Probe  
  13  0:12  Probe  
  14  0:17  Pylon  
  14  0:24  Probe (Chrono Boost)  
  16  0:36  Gateway, Probe (Chrono Boost)  
  16  0:43  Probe (Chrono Boost)  
  16  0:47  Assimilator  
  17  0:51  Probe  
  18  1:03  Probe  
  19  1:15  Probe  
  20  1:24  Cybernetics Core  
  20  1:31  Nexus  
  20  1:38  Pylon  
  20  1:42  Probe  
  21  1:48  Assimilator  
  22  1:54  Probe  
  22  1:57  Adept (Chrono Boost)  
  22  2:00  Warp Gate  
  24  2:06  Probe  
  25  2:17  Adept (Chrono Boost)  
  25  2:18  Probe  
  28  2:30  Probe  
  28  2:36  Twilight Council  
  29  2:40  Stalker  
  29  2:43  Probe  
  31  2:46  Probe  
  31  2:51  Gateway  
  32  2:55  Probe (Chrono Boost)  
  34  3:02  Probe (Chrono Boost)  
  35  3:07  Probe (Chrono Boost)  
  35  3:11  Blink (Chrono Boost)  
  37  3:13  Probe x2 (Chrono Boost)  
  36  3:22  Probe  
  36  3:24  Probe  
  38  3:33  Robotics Facility  
  38  3:34  Probe  
  38  3:36  Probe  
  40  3:46  Probe  
  40  3:47  Gateway  
  41  3:48  Probe  
  41  3:49  Pylon  
  41  3:52  Stalker  
  41  3:55  Stalker  
  46  4:07  Probe x2, Pylon  
  48  4:15  Pylon  
  48  4:18  Stalker x2  
  48  4:21  Warp Prism (Chrono Boost)  
  53  4:26  Probe  
  53  4:28  Probe  
  56  4:41  Stalker x2, Pylon  
  60  4:46  Stalker  
  60  4:50  Observer  
  63  4:59  Nexus  
  63  5:02  Shield Battery  
  63  5:11  Stalker x2  
  63  5:12  Stalker  
  69  5:16  Assimilator  
  69  5:17  Probe  
  69  5:18  Probe  
  71  5:29  Probe  
  71  5:30  Probe  
  62  5:36  Stalker x2  
  62  5:41  Probe  
  62  5:42  Probe  
  62  5:53  Probe (Chrono Boost)  
  62  5:54  Probe (Chrono Boost)  
  62  5:56  Immortal  
  68  5:58  Forge  
  68  6:03  Probe (Chrono Boost)  
  70  6:04  Probe (Chrono Boost)  
  70  6:08  Probe (Chrono Boost)  
  70  6:09  Probe (Chrono Boost)  
  72  6:14  Probe  
  71  6:19  Probe  
  71  6:21  Probe  
  71  6:22  Gateway  
  71  6:23  Gateway  
  71  6:26  Observer  
  71  6:29  Probe  
  71  6:31  Sentry x3, Probe  
  79  6:33  Probe, Protoss Ground Weapons Level 1 (Chrono Boost)  
  79  6:34  Gateway  
  80  6:40  Gateway  
  80  6:43  Observer  
  80  6:44  Gateway, Probe x2  
  80  6:45  Probe  
  84  6:50  Pylon  
  84  6:53  Charge (Chrono Boost)  
  84  6:56  Probe  
  84  6:57  Probe x2  
  84  6:58  Pylon  
  87  7:07  Zealot x3  
  87  7:08  Probe  
  94  7:16  Gateway  
  94  7:18  Robotics Bay, Colossus  
  92  7:31  Zealot x6  
  92  7:36  Nexus  
  103  7:39  Pylon  
  103  7:45  Observer  
  103  7:48  Probe  
  103  7:49  Probe x2  
  103  7:51  Pylon  
  107  7:53  Pylon  
  107  7:57  Pylon  
  107  7:58  Zealot x5  
  117  8:09  Shield Battery, Probe x3  
  117  8:10  Zealot x2  
  124  8:14  Zealot x2, Protoss Ground Armor Level 1 (Chrono Boost)  
  110  8:30  Zealot x5, Colossus (Chrono Boost)  
  102  8:38  Probe x3  
  96  8:44  Zealot x3  
  100  8:54  Gravitic Drive (Chrono Boost)  
  100  8:55  Probe x4  
  97  9:00  Zealot x3  
  100  9:05  Stalker x3  
  106  9:11  Observer  
  106  9:14  Disruptor (Chrono Boost)  
  102  9:23  Forge  
  102  9:24  Gateway  
  102  9:27  Stalker x3  
  102  9:28  Pylon  
  106  9:34  Pylon  
  106  9:37  Shield Battery, Photon Cannon  
  106  9:43  Colossus  
  112  9:48  Zealot x6  
  109  10:11  Zealot  
  109  10:12  Zealot x8  
  123  10:17  Robotics Facility  
  123  10:18  Photon Cannon  
  123  10:19  Shield Battery, Probe  
  123  10:20  Nexus, Probe x3  
  127  10:22  Pylon  
  127  10:26  Protoss Ground Weapons Level 2  
  127  10:27  Protoss Ground Armor Level 2  
  127  10:39  Zealot x7, Observer  
  127  10:40  Zealot x2  
  145  10:42  Zealot  
  145  10:49  Colossus (Chrono Boost)  
  153  11:03  Zealot x2  
  153  11:04  Zealot x6  
  165  11:06  Zealot  
  165  11:08  Zealot  
  165  11:11  Pylon  
  153  11:30  Stalker, Zealot x8  
  169  11:32  Colossus (Chrono Boost)  
  169  11:37  Zealot  
  165  11:48  Probe x3  
  165  11:50  Gateway  
  165  11:52  Gateway  
  166  11:57  Zealot x10  
  166  11:58  Disruptor (Chrono Boost)  
  180  12:12  Disruptor (Chrono Boost)  
  114  12:23  Zealot x10  
  114  12:24  Disruptor (Chrono Boost)  
  114  12:29  Nexus  
  126  12:31  Shield Battery  
  122  12:43  Zealot x5  
  122  12:44  Zealot x5  
  142  12:47  Disruptor (Chrono Boost)  
  144  13:00  Zealot  
  144  13:01  Zealot  
  144  13:03  Disruptor  
  152  13:08  Stalker x2, Zealot x7  
  170  13:13  Zealot  
  176  13:31  Zealot x9  
Show
View Real Time Build Order
Export as new Build Order

Cure Terran 

Build Orders: Reaper Expand 

Get SALT Encoding   

  12  0:00  SCV  
  13  0:12  SCV  
  14  0:16  Supply Depot  
  14  0:24  SCV  
  15  0:38  SCV, Barracks  
  15  0:42  Refinery  
  16  0:50  SCV  
  17  1:02  SCV  
  18  1:14  SCV  
  19  1:25  Reaper  
  19  1:26  Orbital Command  
  20  1:48  Command Center  
  20  1:52  SCV  
  20  1:53  Supply Depot  
  21  1:57  Marine  
  22  2:04  SCV  
  22  2:08  Factory  
  23  2:18  SCV  
  23  2:19  Bunker  
  23  2:22  Barracks Reactor  
  24  2:30  SCV  
  25  2:42  SCV  
  26  2:53  Hellion  
  26  2:54  SCV  
  26  2:57  Supply Depot  
  29  2:59  Marine x2  
  31  3:12  Command Center  
  31  3:19  SCV, Marine x2, Hellion  
  36  3:31  SCV  
  37  3:35  Orbital Command  
  37  3:36  Marine x2  
  39  3:41  Factory Tech Lab  
  39  3:43  SCV  
  40  3:55  SCV, Barracks  
  41  3:57  Marine x2  
  41  4:00  Siege Tank  
  46  4:05  SCV  
  46  4:07  SCV  
  47  4:16  Barracks  
  47  4:17  SCV  
  47  4:19  SCV  
  47  4:23  Marine  
  47  4:24  Marine  
  51  4:25  Orbital Command  
  51  4:29  SCV  
  52  4:31  SCV  
  52  4:33  Siege Tank  
  56  4:40  Engineering Bay, Refinery  
  56  4:41  SCV  
  56  4:43  SCV  
  56  4:44  Barracks Tech Lab  
  58  4:46  Marine x2  
  58  4:52  SCV  
  61  4:53  Supply Depot, SCV  
  61  4:56  SCV, Refinery  
  63  5:02  Stimpack  
  63  5:05  Marine x3  
  64  5:08  SCV x2  
  64  5:09  SCV  
  64  5:11  Refinery  
  64  5:12  Marine  
  68  5:15  Supply Depot  
  68  5:22  SCV x2  
  68  5:23  SCV  
  68  5:26  Marine  
  68  5:27  Supply Depot  
  74  5:34  SCV x2  
  71  5:38  SCV  
  71  5:42  Siege Tank  
  66  5:46  SCV  
  62  5:52  Marine  
  62  5:53  Marine  
  62  5:54  Marine  
  65  5:59  Marine  
  65  6:00  SCV x2  
  65  6:01  SCV  
  69  6:04  Terran Infantry Weapons Level 1  
  64  6:12  SCV  
  64  6:13  SCV  
  64  6:17  Marine x4  
  64  6:19  Siege Tank  
  64  6:25  SCV x2  
  66  6:28  Starport  
  66  6:30  SCV  
  65  6:36  Marine x3  
  65  6:37  SCV  
  65  6:38  Marine  
  70  6:43  SCV x2  
  70  6:45  Combat Shield  
  72  6:49  SCV  
  73  6:55  SCV  
  73  7:00  Marine x2, Marauder  
  77  7:02  Factory Reactor  
  77  7:03  Marauder  
  77  7:04  SCV x2, Missile Turret  
  77  7:08  SCV  
  82  7:09  Medivac  
  82  7:11  Barracks  
  84  7:15  Supply Depot  
  84  7:16  SCV x2, Barracks  
  84  7:20  SCV  
  86  7:27  Marine x2, Marauder x2  
  86  7:28  SCV  
  86  7:29  SCV  
  93  7:33  Orbital Command  
  93  7:37  Supply Depot x2  
  93  7:38  Concussive Shells  
  93  7:40  SCV  
  93  7:41  SCV  
  95  7:52  SCV, Marauder x2  
  95  7:53  SCV  
  95  7:57  Factory Reactor  
  101  7:59  Viking x2  
  101  8:00  SCV  
  101  8:04  SCV, Missile Turret  
  101  8:05  SCV  
  108  8:06  Terran Infantry Armor Level 1  
  108  8:07  Barracks Tech Lab, Barracks Reactor  
  108  8:08  Supply Depot  
  108  8:13  SCV  
  108  8:16  SCV, Marine, Marauder  
  108  8:17  SCV, Marauder  
  108  8:18  Marine  
  117  8:25  SCV  
  100  8:28  SCV  
  100  8:32  Marauder  
  100  8:33  Medivac x2  
  82  8:34  Marine  
  82  8:35  SCV  
  82  8:36  Marine  
  82  8:37  SCV  
  82  8:38  Marauder x2  
  83  8:43  Marine x2  
  84  8:52  SCV x3  
  84  8:53  Marauder  
  84  8:55  Widow Mine x2  
  85  8:57  Marine x2  
  85  8:59  Marauder  
  89  9:04  SCV x3  
  89  9:05  Marine x2  
  89  9:06  Medivac  
  96  9:13  Marauder  
  96  9:15  Marauder  
  96  9:16  SCV x3  
  99  9:28  SCV x3, Marauder  
  103  9:34  Marine x4, Marauder  
  103  9:36  Marauder  
  103  9:37  Medivac  
  113  9:39  Widow Mine  
  112  9:47  SCV x3  
  112  9:48  Marine  
  112  9:57  Marauder x2  
  110  10:00  Viking  
  110  10:03  Marine x3  
  107  10:12  Viking  
  109  10:14  Widow Mine x2  
  109  10:16  SCV x2  
  109  10:17  SCV  
  114  10:25  Ghost Academy, Marauder  
  114  10:26  Marauder  
  114  10:28  Marine  
  119  10:29  Supply Depot  
  119  10:30  Marine  
  119  10:31  Marine  
  119  10:34  Marine  
  122  10:37  Viking  
  124  10:45  SCV  
  125  10:51  SCV x2, Widow Mine x2, Viking  
  125  10:53  Ghost  
  131  10:58  Ghost  
  133  11:05  Refinery  
  133  11:06  Supply Depot x2, Refinery  
  133  11:15  Marine x2  
  133  11:16  SCV x2, Marine  
  133  11:18  SCV, Marine  
  133  11:23  Marine  
  133  11:26  Ghost  
  133  11:28  SCV x2, Marine, Widow Mine x2, Medivac  
  133  11:30  SCV  
  141  11:39  Viking  
  141  11:40  Marine x4  
  141  11:42  Marauder  
  141  11:46  Marauder  
  143  11:49  SCV x2  
  143  11:50  SCV  
  143  11:53  Supply Depot  
  145  11:55  Marauder  
  145  11:58  Widow Mine x2  
  149  12:02  Marine x4, Ghost  
  149  12:05  Orbital Command  
  149  12:07  Marauder  
  113  12:16  Marine  
  113  12:20  Marine  
  113  12:21  Marine x2  
  96  12:27  Medivac x2  
  96  12:29  Marauder, Widow Mine  
  101  12:31  Marauder  
  97  12:37  SCV x2  
  97  12:38  SCV  
  97  12:43  Marauder  
  102  12:45  Marine  
  102  12:49  Marine  
  102  12:50  Marine x2, Marauder  
  108  12:56  Widow Mine x2  
  110  12:59  Marauder  
  112  13:08  Ghost  
  112  13:09  Marine  
  112  13:11  Ghost  
  113  13:21  Marine x3, Marauder  
Tags
 
Add a new tag
Caveats
  • Supply blocks, unpowered buildings, or Contaminate may cause inaccurate times.
  • Supply counts are checked every 10 seconds.